Map: Kairos Junction LE

Players

Parkkatz

  • Race: Zerg Zerg
  • League: Platinum
  • Spawn Location: 11:00

VOD

Have the link to the VOD?

Description

Time

  • Played on: June 29, 2019, 6:35 p.m.
  • Length: 6:33
Show
View Real Time Build Order
Export as new Build Order

Parkkatz Zerg 

Build Orders:  

Get SALT Encoding   

  12  0:01  Drone  
  13  0:19  Drone  
  14  0:24  Overlord  
  14  0:42  Extractor  
  14  0:43  Drone  
  14  0:49  Drone  
  16  0:54  Drone  
  17  1:20  Hatchery  
  17  1:22  Drone  
  17  1:41  Spawning Pool  
  17  1:44  Drone  
  17  1:49  Drone  
  18  1:54  Drone  
  19  2:05  Extractor  
  19  2:09  Drone  
  19  2:21  Overlord  
  19  2:38  Drone  
  20  2:49  Queen  
  22  3:04  Zergling x4  
  22  3:09  Zergling x2  
  25  3:14  Queen  
  25  3:17  Drone  
  28  3:21  Drone  
  29  3:34  Drone  
  29  3:38  Overlord  
  30  3:51  Drone  
  30  3:52  Drone  
  32  4:04  Queen  
  32  4:09  Zergling x2  
  35  4:10  Zergling x2  
  36  4:27  Zergling x4  
  38  4:46  Queen  
  40  4:51  Drone x3  
  40  4:52  Drone  
  40  4:53  Overlord  
  39  5:36  Zergling x2  
  39  5:37  Zergling x10  
  39  5:38  Zergling x4  
  34  6:01  Zergling x2  
  34  6:02  Zergling x10  
  38  6:32  Baneling Nest  
Tags
 
Add a new tag
Caveats
  • Supply blocks, unpowered buildings, or Contaminate may cause inaccurate times.
  • Supply counts are checked every 10 seconds.